 Zot Defence DCSS version 0.15.2 (webtiles) character file.

163 Hylith the Chopper (level 5, 0/48 HPs)
             Began as a Minotaur Berserker on Feb 22, 2019.
             Was a Believer of Trog.
             Slain by a gnoll sergeant
             ... wielding a +0 spear
              (7 damage)
             ... in the Realm of Zot (Scenario I: Hall of Zot).
             The game lasted 00:06:58 (507 turns).

Hylith the Chopper (Minotaur Berserker)              Turns: 507, Time: 00:06:59

HP   0/48        AC  2     Str 22      XL: 5   Next: 20%
MP   2/2         EV 12     Int  4      God: Trog [**....]
Gold 0           SH  0     Dex 10      Spells:  0 memorised,  4 levels left

rFire  . . .     SeeInvis .     a - +0 hand axe
rCold  . . .     Clarity  .     b - +0 animal skin
rNeg   . . .     rCorr    .     (no shield)
rPois  .         rRot     .     (helmet restricted)
rElec  .         Spirit   .     (no cloak)
SustAb .         Warding  .     (no gloves)
rMut   .         Stasis   .     (no boots)
Gourm  .                        (no amulet)
MR     .....                    (no ring)
                                (no ring)

@: not resistant to hostile enchantments, very unstealthy
A: retaliatory headbutt, horns 2
a: Make oklob sapling, Make arrow trap, Make plant, Remove Curse, Make burning
bush, Burn Spellbooks, Berserk, Trog's Hand, Renounce Religion


You were in the Realm of Zot.
You worshipped Trog.
Trog was pleased with you.
You were not hungry.

You visited 1 branch

Inventory:

Hand weapons
 a - a +0 hand axe (weapon)
Missiles
 j - 3 stones (quivered)
Armour
 b - a +0 animal skin (worn)
Comestibles
 d - a bread ration
 k - a chunk of rat flesh
Scrolls
 i - a scroll of blinking
Potions
 c - 3 potions of curing
 e - a potion of heal wounds
 f - a potion of haste
 g - 2 potions of magic
 h - a potion of berserk rage


   Skills:
 + Level 5.1 Fighting
 + Level 5.1 Axes
 + Level 3.2 Armour
 + Level 3.1 Dodging


You had 4 spell levels left.
You didn't know any spells.

Dungeon Overview and Level Annotations

Branches:
    Zot (1/1)

Altars:


Innate Abilities, Weirdness & Mutations

You reflexively headbutt those who attack you in melee.
You have a pair of horns on your head.


Message History

The gnoll sergeant is heavily wounded.
The gnoll sergeant barely misses you. The gnoll hits you with a spear!
* * * LOW HITPOINT WARNING * * *
The gnoll sergeant hits you but does no damage.
You closely miss the gnoll.
The gnoll is heavily wounded.
The gnoll sergeant blocks your attack.
You headbutt the gnoll sergeant, but do no damage.
The gnoll sergeant is heavily wounded.
The gnoll closely misses you.
Your oklob sapling spits acid at the gnoll sergeant.
The splash of acid hits the gnoll sergeant.
The acid corrodes the gnoll sergeant's equipment!
A gnoll shaman comes into view. It is wielding a club.
You hit the gnoll.
The gnoll is almost dead.
You closely miss the gnoll sergeant.
The gnoll sergeant is severely wounded.
The gnoll sergeant hits you with a spear!
You die...

▓▓▓▓▓▓▓ ▓▓▓▓▓▓▓▓▓ ...▓▓▓▓
▓▓▓▓..... ......▓▓▓ ▓▓▓........
........▓▓ ▓▓..........
.........▓ ▓▓▓▓▓▓▓▓▓ ▓...........
.........▓▓▓.......▓▓▓...........
.........▓▓.........▓▓...........
.........▓.P...P.....▓...........
..........PP.%)0@g.PP............
.........▓.P)..P%g..)▓g..........
.........▓▓.........▓▓...........
.........▓▓▓.......▓▓▓...........
.........# ▓▓▓▓▓▓▓▓▓ #...........
........## ##.......... ......###
###........ ...#### ####.....
######## ##########


You could see a gnoll sergeant, a gnoll shaman, a gnoll and 2 friendly oklob
saplings.

Vanquished Creatures
  A hound (Zot)
  A worm (Zot)
  An adder skeleton (Zot)
  4 oozes (Zot)
  2 ball pythons (Zot)
  A jackal (Zot)
  A bat (Zot)
  A giant newt (Zot)
  2 goblins (Zot)
  2 kobolds (Zot)
  3 rats (Zot)
19 creatures vanquished.

Vanquished Creatures (collateral kills)
  2 worms (Zot)
  3 kobolds (Zot)
  3 giant cockroaches (Zot)
  A giant newt (Zot)
  4 rats (Zot)
13 creatures vanquished.

Grand Total: 32 creatures vanquished

Notes
Turn   | Place    | Note
--------------------------------------------------------------
     0 | Zot      | Hylith, the Minotaur Berserker, began the quest for the Orb.
     0 | Zot      | Reached XP level 1. HP: 19/19 MP: 1/1
   227 | Zot      | Noticed Ymeung
   234 | Zot      | Reached skill level 4 in Fighting
   234 | Zot      | Reached XP level 2. HP: 22/27 MP: 1/1
   239 | Zot      | HP: 1/27 [Ymeung the hound (1)]
   240 | Zot      | Killed Ymeung the hound
   240 | Zot      | Reached XP level 3. HP: 1/34 MP: 2/2
   240 | Zot      | Reached XP level 4. HP: 1/41 MP: 2/2
   331 | Zot      | Reached skill level 5 in Axes
   342 | Zot      | Reached skill level 5 in Fighting
   342 | Zot      | Reached XP level 5. HP: 14/48 MP: 2/2
   444 | Zot      | Acquired Trog's second power
   507 | Zot      | Slain by a gnoll sergeant

Action                   |  1- 3 |  4- 6 || total
-------------------------+-------+-------++-------
Melee: Hand axe          |    15 |    32 ||    47
 Abil: Make plant        |       |     6 ||     6
       Make oklob saplin |       |     2 ||     2
